 Dungeon Crawl Stone Soup version 0.18-a0-1628-g61c6396 (webtiles) character file.

95 Deemzul the Insei (level 4, -2/46 HPs)
             Began as an Octopode Monk on Mar 25, 2016.
             Slain by Purgy (6 damage)
             ... on level 3 of the Dungeon.
             The game lasted 00:02:41 (1499 turns).

Deemzul the Insei (Octopode Monk)                   Turns: 1499, Time: 00:02:42

Health: -2/46      AC:  1    Str: 15    XL:     4   Next: 65%
Magic:  4/4        EV: 20    Int: 12    God:
Gold:   99         SH:  0    Dex: 22    Spells: 0 memorised, 3 levels left

rFire  . . .     SeeInvis .       - Unarmed
rCold  . . .     Gourm    .     (no shield)
rNeg   . . .     Faith    .     (helmet restricted)
rPois  .         Spirit   .     (no amulet)
rElec  .         Dismiss  .     o - ring of flight
rCorr  .         Reflect  .     (no ring)
SustAt .         Harm     .     (no ring)
MR     .....                    (no ring)
Stlth  ..........               (no ring)
                                (no ring)
                                (no ring)
                                (no ring)

@: agile, berserking, very quick, not resistant to hostile enchantments,
extremely unstealthy
A: almost no armour, amphibious, 8 rings, constrict 8, tentacle spike 1,
camouflage 1, agile 1, gelatinous body 1
a: Evoke Flight


You were on level 3 of the Dungeon.
You were hungry.

You visited 1 branch of the dungeon, and saw 3 of its levels.

You collected 99 gold pieces.

Inventory:

Hand Weapons
 g - a +1 spear of venom
Jewellery
 e - an uncursed ring of ice
 o - a ring of flight (left tentacle)
Scrolls
 d - 3 scrolls of identify {unknown}
 j - a scroll of noise {unknown}
 k - a scroll of recharging {unknown}
 l - a scroll of remove curse {unknown}
Potions
 b - a potion of haste {unknown}
 c - a potion of curing {unknown}
 f - a potion of degeneration {unknown}
 i - a potion of berserk rage
 m - a potion of agility
Books
 h - a book of Geomancy

   Spells                             Type                      Level
   a - Sandblast                      Earth                        1
   b - Passwall                       Transmutation/Earth          2
   c - Stone Arrow                    Conjuration/Earth            3
   d - Petrify                        Transmutation/Earth          4
   e - Lee's Rapid Deconstruction     Earth                        5
Comestibles
 a - a bread ration
 n - a meat ration
 p - a chunk of flesh


   Skills:
 + Level 3.4 Fighting
 + Level 3.7 Dodging
 - Level 3.0 Stealth
 * Level 5.0 Unarmed Combat


You had 3 spell levels left.
You didn't know any spells.

Dungeon Overview and Level Annotations

Branches:
Dungeon (3/15)

Altars:
Dithmenos
Fedhas
Makhleb
Okawaru
The Shining One

Annotations:
D:3 Purgy; ontamu's ghost, amateur DEFE


Innate Abilities, Weirdness & Mutations

You cannot wear most types of armour.
You are amphibious.
You can wear up to eight rings at the same time.
You can use your tentacles to constrict eight enemies at once.
Your skin changes colour to match your surroundings (Stealth).
Your rubbery body absorbs attacks (AC +1).
One of your tentacles bears a spike.
You are agile. (Dex +2)


Message History

You tentacle-slap Purgy.
Your tentacle spike misses Purgy.
Your squeeze misses Purgy.
Purgy is moderately wounded.
Purgy closely misses you. Purgy claws you. Purgy completely misses you.
You tentacle-slap Purgy.
You pierce Purgy, but do no damage.
Your tentacle-slap misses Purgy.
Your squeeze misses Purgy.
Purgy is heavily wounded.
Purgy bites you!
* * * LOW HITPOINT WARNING * * *
Purgy barely misses you. Purgy misses you.
Drink which item? (? for menu, Esc to quit)
It was a potion of berserk rage.
A red film seems to cover your vision as you go berserk!
You feel yourself moving faster!
You feel mighty! Purgy completely misses you. Purgy misses you.
Purgy claws you.
* * * LOW HITPOINT WARNING * * *
You bludgeon Purgy!
Purgy is heavily wounded.
Purgy bites you.
You die...

#...#...............
#...#[..............
#.##...............
#........#.........
####....#....##....
#..(.#..h..#....
#....###∩### ...
####....## ##
#.@......#
#T######.# #.# #..#
#.# #..# #.# ##.#
#.# ..# #.# ### #.#
#.#


You could see Purgy.

Vanquished Creatures
  Ijyb (D:2)
  An adder (D:2)
  3 worms (D:2)
  A dart slug (D:2)
  2 giant geckos
  5 bats
  2 giant cockroaches (D:2)
  6 goblins
  6 hobgoblins
  8 kobolds
  2 quokkas
  5 giant newts
  5 rats
47 creatures vanquished.

Notes
Turn   | Place    | Note
--------------------------------------------------------------
     0 | D:1      | Deemzul the Octopode Monk began the quest for the Orb.
     0 | D:1      | Reached XP level 1. HP: 16/16 MP: 1/1
   178 | D:1      | Reached XP level 2. HP: 11/21 MP: 2/2
   564 | D:2      | Reached XP level 3. HP: 13/26 MP: 3/3
   678 | D:2      | Noticed Ijyb
   695 | D:2      | Killed Ijyb
   695 | D:2      | Reached XP level 4. HP: 27/31 MP: 4/4
   702 | D:2      | Gained mutation: You are agile. (Dex +2) [potion of mutation]
   702 | D:2      | Gained mutation: One of your tentacles bears a spike. [potion of mutation]
   799 | D:2      | Found a glowing golden altar of the Shining One.
  1039 | D:2      | Found a blossoming altar of Fedhas.
  1039 | D:2      | Found an iron altar of Okawaru.
  1103 | D:2      | Found a shadowy altar of Dithmenos.
  1208 | D:2      | Reached skill level 5 in Unarmed Combat
  1333 | D:3      | Noticed ontamu's ghost (amateur DEFE)
  1450 | D:3      | Found a burning altar of Makhleb.
  1481 | D:3      | Noticed Purgy
  1499 | D:3      | Slain by Purgy

Vault maps used:
D:1:      dpeg_arrival_tiny_c, minmay_misc_feat_hallway
D:2:      nicolae_overflow_hidden_temple, gammafunk_temple_overflow_elements,
          lemuel_tele_altar, uniq_iyjb
D:3:      lemuel_blue_sif_altar, portal_sewer_entry_e, makhleb_heckhound_becter,
          uniq_purgy

Skill      XL: |  1  2  3  4 |
---------------+-------------+-----
Stealth        | 3 |  3.0
Unarmed Combat | 5 |  5.0
Fighting       | |  3.4
Dodging        | |  3.7

Action                   |  1- 3 |  4- 6 || total
-------------------------+-------+-------++-------
Melee: Unarmed           |    67 |    45 ||   112
  Use: Potion            |     1 |     3 ||     4
       Scroll            |     1 |       ||     1
 Stab: Sleeping          |     9 |     5 ||    14
  Eat: Chunk             |       |     1 ||     1
